[Event "FIDE World Junior U20-ch Girls 2025"]
[Site "Petrovac"]
[Date "2025.03.03"]
[Round "7.2"]
[White "Mgeladze, Kesaria"]
[Black "Omonova, Umida"]
[Result "1/2-1/2"]
[Annotator "NA RC"]
[ECO "B40"]
[WhiteElo "2219"]
[BlackElo "2228"]
[PlyCount "57"]
[EventDate "2025.02.23"]
[EventType "swiss"]
[EventCountry "MNE"]
[SourceTitle "playchess.com"]
[Source "ChessBase"]
[SourceQuality "1"]
[TimeControl "40/5400+30:1800+30"]

1. e4 c5 2. Nf3 e6 3. d4 cxd4 4. Nxd4 Nf6 5. Nc3 Nc6 6. Nxc6 bxc6 7. e5 Nd5 8. Ne4 Qc7 9. f4 Qb6 10. c4 Ne3 11. Qd3 Bb4+ 12. Bd2 Ba6 13. Bxb4 Qxb4+ 14. Kf2 Qxb2+ 15. Be2 Nxc4 16. Rab1 Nxe5 17. fxe5 Qxe5 18. Qxa6 Qxe4 19. Rhd1 O-O 20. Rb7 d5 21. Bf3 Qf4 22. Kg1 Rfc8 23. Rf1 Qe5 24. Kh1 g6 25. Rxa7 Rab8 26. Rb7 Ra8 27. Ra7 Rab8 28. Rb7 Ra8 29. Ra7 1/2-1/2

[Event "FIDE World Junior U20-ch Girls 2025"]
[Site "Petrovac"]
[Date "2025.03.03"]
[Round "7.3"]
[White "Hrebenshchykova, Yelyzaveta"]
[Black "Rakshitta Ravi"]
[Result "1-0"]
[Annotator "ChessBase"]
[ECO "A05"]
[WhiteElo "2259"]
[BlackElo "2365"]
[PlyCount "86"]
[EventDate "2025.02.23"]
[EventType "swiss"]
[EventCountry "MNE"]
[SourceTitle "playchess.com"]
[Source "ChessBase"]
[SourceQuality "1"]
[TimeControl "40/5400+30:1800+30"]

1. Nf3 Nf6 2. g3 c5 3. Bg2 Nc6 4. O-O e5 5. e4 d6 6. d3 Be6 7. Nc3 h6 8. Nd2 g5 9. Nc4 Rg8 10. Kh1 Qd7 11. Nd5 Bxd5 12. exd5 Ne7 13. f4 exf4 14. gxf4 g4 15. d4 cxd4 16. Qxd4 Bg7 17. Qd3 b5 18. Ne3 h5 19. Bd2 h4 20. a4 h3 21. Be4 Nxe4 22. Qxe4 f5 23. Qd3 Kf7 24. axb5 Bxb2 25. Rab1 Bf6 26. Nc4 Rg6 27. Bb4 Bh8 28. Rfe1 Qb7 29. Rbd1 Rd8 30. Na5 Qd7 31. Nc6 Re8 32. Re2 Rgg8 33. Rde1 Ng6 34. Re6 Nh4 35. R1e2 Bf6 36. Bxd6 Kg7 37. Be7 Ref8 38. Bxf6+ Rxf6 39. Re7+ Rf7 40. Rxd7 Rxd7 41. Re7+ Rxe7 42. Nxe7 Re8 43. d6 Rh8 1-0

[Event "FIDE World Junior U20-ch Girls 2025"]
[Site "Petrovac"]
[Date "2025.03.03"]
[Round "7.4"]
[White "Nurman, Alua"]
[Black "Zhurova, Anna"]
[Result "1-0"]
[Annotator "RC"]
[ECO "B48"]
[WhiteElo "2336"]
[BlackElo "2307"]
[PlyCount "71"]
[EventDate "2025.02.23"]
[EventType "swiss"]
[EventCountry "MNE"]
[SourceTitle "playchess.com"]
[Source "ChessBase"]
[SourceQuality "1"]
[TimeControl "40/5400+30:1800+30"]

1. e4 c5 2. Nf3 e6 3. d4 cxd4 4. Nxd4 Nc6 5. Nc3 Qc7 6. Be3 a6 7. a3 b5 8. Nxc6 Qxc6 9. h4 Nf6 10. h5 Nxe4 11. Nxe4 Qxe4 12. Be2 Qc6 13. Bf3 d5 14. h6 Rg8 15. Qd3 g6 16. b3 Qc7 17. c4 dxc4 18. bxc4 Bb7 19. Bxb7 Qxb7 20. O-O Rd8 21. Qe2 bxc4 22. Qxc4 Qb5 23. Qc2 Bd6 24. Rfd1 Ke7 25. Rab1 Rc8 26. Qe4 Qa5 27. Rb7+ Rc7 28. Bb6 Qh5 29. Rxd6 Rxb7 30. Qxb7+ Kxd6 31. Qc7+ Kd5 32. f3 e5 33. Qc5+ Ke6 34. Qc6+ Ke7 35. Bc5+ Kd8 36. Qd6+ 1-0

[Event "FIDE World Junior U20-ch Girls 2025"]
[Site "Petrovac"]
[Date "2025.03.03"]
[Round "7.5"]
[White "Toncheva, Nadya"]
[Black "Zhapova, Yana"]
[Result "1-0"]
[Annotator "RC"]
[ECO "C92"]
[WhiteElo "2311"]
[BlackElo "2234"]
[PlyCount "61"]
[EventDate "2025.02.23"]
[EventType "swiss"]
[EventCountry "MNE"]
[SourceTitle "playchess.com"]
[Source "ChessBase"]
[SourceQuality "1"]
[TimeControl "40/5400+30:1800+30"]

1. e4 e5 2. Nf3 Nc6 3. Bb5 a6 4. Ba4 Nf6 5. O-O Be7 6. Re1 b5 7. Bb3 d6 8. c3 O-O 9. h3 Bb7 10. d4 Re8 11. a3 h6 12. d5 Na5 13. Ba2 c6 14. dxc6 Bxc6 15. Nbd2 Bf8 16. Qc2 Rc8 17. b4 Nb7 18. c4 bxc4 19. Qxc4 d5 20. exd5 Bxd5 21. Qxa6 e4 22. Bxd5 Qxd5 23. Nh2 Nd6 24. Ndf1 Nb5 25. Bb2 Nh5 26. Rad1 Qg5 27. h4 Qxh4 28. Qxb5 Re6 29. Qf5 Rc2 30. Bd4 Bd6 31. Qg4 1-0

[Event "FIDE World Junior U20-ch Girls 2025"]
[Site "Petrovac"]
[Date "2025.03.03"]
[Round "7.6"]
[White "Lu, Miaoyi"]
[Black "Balabayeva, Xeniya"]
[Result "1-0"]
[Annotator "RC"]
[ECO "B15"]
[WhiteElo "2432"]
[BlackElo "2264"]
[PlyCount "89"]
[EventDate "2025.02.23"]
[EventType "swiss"]
[EventCountry "MNE"]
[SourceTitle "playchess.com"]
[Source "ChessBase"]
[SourceQuality "1"]
[TimeControl "40/5400+30:1800+30"]

1. e4 c6 2. d4 d5 3. Nc3 dxe4 4. Nxe4 Nf6 5. Nxf6+ exf6 6. Be3 Bf5 7. Ne2 Bd6 8. c4 O-O 9. Nc3 Re8 10. Qf3 Bg6 11. c5 Bc7 12. O-O-O Ba5 13. Bf4 Bxc3 14. Qxc3 Qd5 15. h4 b5 16. cxb6 axb6 17. Bc4 Qf5 18. Be3 b5 19. h5 bxc4 20. hxg6 Qxg6 21. Qxc4 Qg4 22. g3 Qxg3 23. Rdg1 Qe5 24. Qc2 Qd5 25. a3 g6 26. Rh2 Nd7 27. Rh3 Reb8 28. Rgh1 Nf8 29. Bh6 Ne6 30. Be3 h5 31. f4 f5 32. Rd1 Rb3 33. Rd3 Rab8 34. Rxb3 Rxb3 35. Qh2 Qe4 36. Bf2 Rxh3 37. Qxh3 Nxf4 38. Qh4 Nd3+ 39. Kd2 f4 40. Qd8+ Kh7 41. Bh4 Nxb2 42. Bf6 g5 43. Qh8+ Kg6 44. Qg7+ Kf5 45. Qh7+ 1-0

[Event "FIDE World Junior U20-ch Girls 2025"]
[Site "Petrovac"]
[Date "2025.03.03"]
[Round "7.7"]
[White "Kaldarova, Ayaulym"]
[Black "Gaal, Zsoka"]
[Result "0-1"]
[Annotator "RC"]
[ECO "A14"]
[WhiteElo "2248"]
[BlackElo "2404"]
[PlyCount "110"]
[EventDate "2025.02.23"]
[EventType "swiss"]
[EventCountry "MNE"]
[SourceTitle "playchess.com"]
[Source "ChessBase"]
[SourceQuality "1"]
[TimeControl "40/5400+30:1800+30"]

1. Nf3 Nf6 2. c4 e6 3. g3 d5 4. Bg2 Be7 5. O-O O-O 6. d4 a5 7. Qc2 Nc6 8. Nbd2 a4 9. a3 dxc4 10. Qxc4 Bd7 11. Qd3 Qe8 12. Nc4 Rd8 13. Bd2 Na7 14. Qc2 Bc6 15. Bg5 Be4 16. Qc1 Nb5 17. e3 h6 18. Bxf6 Bxf6 19. Nce5 Rd5 20. Rd1 c5 21. Qc4 Nd6 22. Qe2 cxd4 23. exd4 Qb5 24. Qe3 Qxb2 25. Nd7 Rc8 26. Nxf6+ gxf6 27. Ne1 Bxg2 28. Rab1 Qc3 29. Nxg2 Qxe3 30. Nxe3 Rb5 31. Rxb5 Nxb5 32. Rb1 Nd6 33. Rb6 Rc6 34. Rxc6 bxc6 35. Kf1 e5 36. dxe5 fxe5 37. Ke2 f5 38. Kd3 Kf7 39. Nd1 Nb5 40. Nb2 Ke6 41. Kc4 Nxa3+ 42. Kc5 Nc2 43. Nxa4 Nd4 44. Nb6 Nf3 45. Kxc6 Nxh2 46. Nc4 e4 47. Ne3 Ng4 48. Nd1 f4 49. gxf4 h5 50. Nc3 Nxf2 51. Ne2 h4 52. Kc5 Kf5 53. Kd4 h3 54. Ke3 Nd1+ 55. Kd2 h2 0-1

[Event "FIDE World Junior U20-ch Girls 2025"]
[Site "Petrovac"]
[Date "2025.03.03"]
[Round "7.8"]
[White "Song, Yuxin"]
[Black "Orian, Noga"]
[Result "1/2-1/2"]
[Annotator "ChessBase"]
[ECO "B30"]
[WhiteElo "2381"]
[BlackElo "2210"]
[PlyCount "84"]
[EventDate "2025.02.23"]
[EventType "swiss"]
[EventCountry "MNE"]
[SourceTitle "playchess.com"]
[Source "ChessBase"]
[SourceQuality "1"]
[TimeControl "40/5400+30:1800+30"]

1. e4 c5 2. Nf3 Nc6 3. Bb5 Nf6 4. Nc3 Qc7 5. O-O Nd4 6. Re1 a6 7. Bf1 Ng4 8. g3 Nxf3+ 9. Qxf3 Ne5 10. Qe2 e6 11. b3 d6 12. Bb2 Be7 13. Bg2 O-O 14. Nd1 b5 15. Ne3 Bb7 16. f4 Nd7 17. d3 Rfe8 18. Ng4 e5 19. Bh3 Rad8 20. Ne3 Nb6 21. Rf1 Bf8 22. c4 bxc4 23. Nxc4 Nxc4 24. bxc4 Bc8 25. f5 f6 26. Bg4 Re7 27. Bc3 Bd7 28. Qb2 Rb8 29. Qa3 Qc8 30. Rfb1 Be8 31. Rb3 Ra7 32. Rab1 Rbb7 33. Rb6 Bc6 34. R1b2 Rxb6 35. Rxb6 Be7 36. Qb3 Bd8 37. Rb8 Qc7 38. Bh5 Kf8 39. Bd2 Rb7 40. Rxb7 Qxb7 41. Qc2 Be8 42. Bd1 Qb6 1/2-1/2

[Event "FIDE World Junior U20-ch Girls 2025"]
[Site "Petrovac"]
[Date "2025.03.03"]
[Round "7.9"]
[White "Shukhman, Anna"]
[Black "Pipiras, Filipa Fortuna"]
[Result "1-0"]
[Annotator "RC"]
[ECO "B40"]
[WhiteElo "2365"]
[BlackElo "2200"]
[PlyCount "113"]
[EventDate "2025.02.23"]
[EventType "swiss"]
[EventCountry "MNE"]
[SourceTitle "playchess.com"]
[Source "ChessBase"]
[SourceQuality "1"]
[TimeControl "40/5400+30:1800+30"]

1. e4 c5 2. Nf3 e6 3. d4 cxd4 4. Nxd4 Nf6 5. Nc3 Nc6 6. Nxc6 bxc6 7. e5 Nd5 8. Ne4 Qc7 9. f4 Qb6 10. c4 Bb4+ 11. Ke2 f5 12. exf6 Nxf6 13. Be3 Qd8 14. Nd6+ Bxd6 15. Qxd6 Bb7 16. Kd1 c5 17. Qxc5 Be4 18. Qa3 Qe7 19. Qxe7+ Kxe7 20. Ke1 Rab8 21. b4 Rhc8 22. a3 a5 23. b5 d6 24. Bd4 Nd7 25. Kd2 d5 26. Rc1 g5 27. c5 gxf4 28. c6 e5 29. Bc3 Nc5 30. Bxe5 Nb3+ 31. Kd1 Nxc1 32. Kxc1 Bxg2 33. Bxg2 Rxb5 34. c7 Rc5+ 35. Kb2 Rg8 36. Bh3 f3 37. Rf1 d4 38. Bg3 Rxg3 39. hxg3 Rxc7 40. Rxf3 Kd6 41. Bf1 a4 42. Bd3 Rc3 43. Be2 Rc7 44. Bd1 Ke5 45. Bc2 Rg7 46. Bxa4 Ke4 47. Bc6+ Ke5 48. a4 Rc7 49. Bb5 Ke4 50. Rb3 Kd5 51. a5 Kc5 52. Bd3 Re7 53. a6 Kc6 54. Bf1 Kc5 55. Rb7 Re8 56. a7 Ra8 57. Bg2 1-0

[Event "FIDE World Junior U20-ch Girls 2025"]
[Site "Petrovac"]
[Date "2025.03.03"]
[Round "7.10"]
[White "Kurmangaliyeva, Liya"]
[Black "Khamdamova, Afruza"]
[Result "0-1"]
[Annotator "RC"]
[ECO "D37"]
[WhiteElo "2251"]
[BlackElo "2354"]
[PlyCount "154"]
[EventDate "2025.02.23"]
[EventType "swiss"]
[EventCountry "MNE"]
[SourceTitle "playchess.com"]
[Source "ChessBase"]
[SourceQuality "1"]
[TimeControl "40/5400+30:1800+30"]

1. d4 d5 2. c4 e6 3. Nf3 Nf6 4. Nc3 Be7 5. h3 c6 6. e3 O-O 7. Bd3 b6 8. O-O Bb7 9. Qe2 Nbd7 10. b3 c5 11. Bb2 Rc8 12. Rfd1 Qc7 13. cxd5 exd5 14. Rac1 Qb8 15. Bf5 Rcd8 16. Ne5 cxd4 17. exd4 Bd6 18. Nb5 a6 19. Nxd6 Qxd6 20. Re1 g6 21. Bd3 b5 22. Qd2 b4 23. Rc2 Rfe8 24. Qf4 Re7 25. Rec1 Nh5 26. Qd2 Nb8 27. Be2 Ng7 28. Nd3 a5 29. Nc5 Bc8 30. Na4 Bf5 31. Rc5 Rde8 32. Bf1 Ne6 33. Rb5 Nd7 34. Re1 Nf6 35. Rb6 Qd8 36. Bb5 Rf8 37. f3 Nc7 38. Bf1 Rfe8 39. Rc1 Kg7 40. Rbc6 h5 41. Qf4 Ne6 42. Qe5 h4 43. Nb6 Qb8 44. Rd6 Kg8 45. Rcc6 Nd8 46. Rxd8 Qxd8 47. Qxf6 Re1 48. Qxd8 Rxd8 49. Kf2 Rb1 50. Bc1 Ra1 51. Bg5 Rxa2+ 52. Ke3 Re8+ 53. Kf4 Rf2 54. Bxh4 Rxf1 55. Nxd5 Re6 56. Ne7+ Kg7 57. Rc5 a4 58. bxa4 Bd3 59. Rc8 f6 60. Rc7 g5+ 61. Kg4 Kf8 62. Bg3 b3 63. Rb7 b2 64. Rxb2 Kxe7 65. Rb7+ Ke8 66. d5 Re7 67. Bc7 Rb1 68. Ra7 Rb2 69. g3 Bc4 70. d6 Be6+ 71. Kh5 Rg7 72. Kh6 Rg8 73. Ba5 Bf5 74. Ra8+ Kf7 75. Ra7+ Ke6 76. Bc7 Rg2 77. g4 Bd3 0-1

[Event "FIDE World Junior U20-ch Girls 2025"]
[Site "Petrovac"]
[Date "2025.03.03"]
[Round "7.11"]
[White "Karimova, Guldona"]
[Black "Kairbekova, Amina"]
[Result "1/2-1/2"]
[Annotator "RC"]
[ECO "B72"]
[WhiteElo "2200"]
[BlackElo "2336"]
[PlyCount "68"]
[EventDate "2025.02.23"]
[EventType "swiss"]
[EventCountry "MNE"]
[SourceTitle "playchess.com"]
[Source "ChessBase"]
[SourceQuality "1"]
[TimeControl "40/5400+30:1800+30"]

1. e4 c5 2. Nf3 d6 3. d4 cxd4 4. Nxd4 Nf6 5. Nc3 g6 6. Be3 Nc6 7. f3 h5 8. Bc4 Bd7 9. Bb3 Bg7 10. Qd2 Na5 11. Nd5 Nxb3 12. axb3 O-O 13. O-O Re8 14. c4 Nxd5 15. exd5 e5 16. dxe6 Bxe6 17. f4 Qf6 18. f5 Bxf5 19. Nxf5 gxf5 20. Rxa7 Rxa7 21. Bxa7 Ra8 22. Qf2 f4 23. Kh1 Qe5 24. h3 b5 25. Rd1 Qxb2 26. Qxb2 Bxb2 27. Bd4 Bxd4 28. Rxd4 b4 29. Rxd6 Ra1+ 30. Kh2 Ra2 31. Rf6 Rb2 32. Rxf4 Rxb3 33. c5 Kg7 34. c6 Rc3 1/2-1/2

[Event "FIDE World Junior U20-ch Girls 2025"]
[Site "Petrovac"]
[Date "2025.03.03"]
[Round "7.12"]
[White "Wang, Chuqiao"]
[Black "Velpula Sarayu"]
[Result "0-1"]
[Annotator "ChessBase"]
[ECO "E64"]
[WhiteElo "2227"]
[BlackElo "2315"]
[PlyCount "82"]
[EventDate "2025.02.23"]
[EventType "swiss"]
[EventCountry "MNE"]
[SourceTitle "playchess.com"]
[Source "ChessBase"]
[SourceQuality "1"]
[TimeControl "40/5400+30:1800+30"]

1. d4 Nf6 2. c4 g6 3. g3 Bg7 4. Nf3 O-O 5. Bg2 d6 6. Nc3 c5 7. d5 e6 8. O-O Re8 9. Re1 exd5 10. cxd5 Nbd7 11. Bf4 Ng4 12. Qc2 Nde5 13. Nxe5 Nxe5 14. a4 a6 15. h3 Rb8 16. Ne4 h6 17. Nd2 b5 18. axb5 axb5 19. Kh2 Bd7 20. Ra6 Rb6 21. Ra7 Re7 22. Rea1 Bf5 23. Be4 Bxe4 24. Nxe4 Rxa7 25. Rxa7 Qb8 26. Ra2 Qb7 27. Qb3 c4 28. Qe3 g5 29. Bxe5 Bxe5 30. f4 gxf4 31. gxf4 Bg7 32. Ra1 Bxb2 33. Rb1 Bh8 34. Nd2 c3 35. Nc4 bxc4 36. Rxb6 Qxd5 37. Rb8+ Kh7 38. Rb1 Bd4 39. Qg3 Qe4 40. Re1 Be3 41. Rf1 c2 0-1

[Event "FIDE World Junior U20-ch Girls 2025"]
[Site "Petrovac"]
[Date "2025.03.03"]
[Round "7.13"]
[White "Liuviann, Cecilia Natalie"]
[Black "Karmanova, Olga Dm."]
[Result "0-1"]
[Annotator "NA"]
[ECO "B50"]
[WhiteElo "1964"]
[BlackElo "2292"]
[PlyCount "92"]
[EventDate "2025.02.23"]
[EventType "swiss"]
[EventCountry "MNE"]
[SourceTitle "playchess.com"]
[Source "ChessBase"]
[SourceQuality "1"]
[TimeControl "40/5400+30:1800+30"]

1. e4 c5 2. Nf3 d6 3. c3 Nf6 4. h3 Nc6 5. Bd3 d5 6. e5 c4 7. Bc2 Ne4 8. d3 cxd3 9. Qxd3 Bf5 10. Qe2 e6 11. O-O Bc5 12. Be3 Qb6 13. Bxc5 Qxc5 14. Kh2 O-O 15. Bd3 f6 16. b4 Qb6 17. b5 Nxe5 18. Nxe5 Qc7 19. g3 Qxe5 20. f4 Qd6 21. Bxe4 Bxe4 22. Nd2 Bf5 23. Rae1 Rae8 24. Qe3 b6 25. Nf3 Be4 26. Nd2 Bg6 27. Nf3 e5 28. Nh4 exf4 29. Qxf4 Qxf4 30. gxf4 Bd3 31. Rg1 Bxb5 32. Nf5 Rxe1 33. Rxe1 Re8 34. Rxe8+ Bxe8 35. a3 Kf8 36. Kg3 g6 37. Ne3 Bf7 38. Kf3 Ke7 39. Ng4 Be6 40. Nf2 Kd6 41. Ke3 Kc5 42. Kd2 Kc4 43. h4 Kb3 44. Nd3 Kxa3 45. Nb4 a5 46. Nc6 Kb2 0-1

[Event "FIDE World Junior U20-ch Girls 2025"]
[Site "Petrovac"]
[Date "2025.03.03"]
[Round "7.14"]
[White "Mungunzul, Bat-Erdene"]
[Black "Tashkinova, Sofiia"]
[Result "1-0"]
[Annotator "NA COMBH"]
[ECO "E94"]
[WhiteElo "2268"]
[BlackElo "2197"]
[PlyCount "85"]
[EventDate "2025.02.23"]
[EventType "swiss"]
[EventCountry "MNE"]
[SourceTitle "playchess.com"]
[Source "ChessBase"]
[SourceQuality "1"]
[TimeControl "40/5400+30:1800+30"]

1. d4 Nf6 2. c4 g6 3. Nc3 Bg7 4. e4 d6 5. Nf3 O-O 6. Be2 Na6 7. O-O e5 8. Be3 Qe7 9. d5 Ng4 10. Bg5 f6 11. Bh4 g5 12. Bg3 f5 13. Nd2 Nf6 14. f3 f4 15. Bf2 h5 16. Re1 Qf7 17. Nf1 Qg6 18. b4 g4 19. c5 Nh7 20. Kh1 gxf3 21. Bxf3 Bg4 22. a3 Bf6 23. Nd2 Rf7 24. Rg1 Rg7 25. Qe2 dxc5 26. bxc5 Be7 27. Qc4 Kh8 28. c6 Bc8 29. cxb7 Bxb7 30. Rab1 Bc8 31. Nb5 Bf8 32. Qc3 Qe8 33. Nc4 Bd7 34. a4 Nf6 35. Nxe5 Ng4 36. Bd4 Bc5 37. Bxg4 hxg4 38. Nxd7 Bxd4 39. Nxd4 Rxd7 40. Ne6+ Kg8 41. Rbf1 Qh5 42. Rxf4 Qh4 {[%emt 0:02:55] Check Result:#6} 43. Rgf1 1-0

[Event "FIDE World Junior U20-ch Girls 2025"]
[Site "Petrovac"]
[Date "2025.03.03"]
[Round "7.15"]
[White "Savitha Shri B"]
[Black "Wang, Qinxuanyi"]
[Result "1/2-1/2"]
[Annotator "RC"]
[ECO "A07"]
[WhiteElo "2332"]
[BlackElo "2165"]
[PlyCount "140"]
[EventDate "2025.02.23"]
[EventType "swiss"]
[EventCountry "MNE"]
[SourceTitle "playchess.com"]
[Source "ChessBase"]
[SourceQuality "1"]
[TimeControl "40/5400+30:1800+30"]

1. Nf3 d5 2. g3 Bg4 3. Bg2 c6 4. O-O e6 5. h3 Bh5 6. d4 Nd7 7. Ne5 Nxe5 8. dxe5 h6 9. c4 f6 10. cxd5 exd5 11. g4 Bf7 12. Bf4 fxe5 13. Bxe5 Nf6 14. Qb3 Qb6 15. Qg3 Be7 16. Nc3 O-O 17. Rad1 Rfe8 18. h4 Nd7 19. Bd4 Qd8 20. g5 hxg5 21. hxg5 Bxg5 22. e4 Bf6 23. exd5 cxd5 24. Bxd5 Bxd5 25. Nxd5 Bxd4 26. Rxd4 Nf6 27. Qb3 Nxd5 28. Rxd5 Qb6 29. Rb5+ Qe6 30. Qxe6+ Rxe6 31. Rxb7 Rb6 32. Rxb6 axb6 33. a3 Rd8 34. Re1 Kf7 35. Re5 Rd6 36. Kg2 Kf6 37. Rb5 Re6 38. Kf3 g5 39. Kg4 Re4+ 40. Kg3 Re6 41. a4 Kg6 42. b3 Rf6 43. Rd5 Re6 44. f3 Kh5 45. Rb5 Rf6 46. Re5 Kg6 47. b4 Kh5 48. Rb5 Kg6 49. Rd5 Kh5 50. Rd4 Rc6 51. Re4 Rc3 52. Re5 Rb3 53. Rb5 Ra3 54. Kf2 Kh4 55. Rxb6 Ra2+ 56. Ke3 Rxa4 57. Ke4 Kg3 58. Rb5 Kf2 59. Rb8 Kg3 60. Rb7 Kf2 61. Rb5 Ke2 62. Rb8 Kf2 63. Rb6 Kg3 64. Rb8 Kf2 65. f4 g4 66. f5 g3 67. f6 Ra7 68. Rc8 g2 69. Rc2+ Kg3 70. Rc1 Rb7 1/2-1/2

[Event "FIDE World Junior U20-ch Girls 2025"]
[Site "Petrovac"]
[Date "2025.03.03"]
[Round "7.16"]
[White "Kirtadze, Anastasia"]
[Black "Nurgaliyeva, Zarina"]
[Result "0-1"]
[Annotator "NA COMBH"]
[ECO "C45"]
[WhiteElo "2218"]
[BlackElo "2265"]
[PlyCount "60"]
[EventDate "2025.02.23"]
[EventType "swiss"]
[EventCountry "MNE"]
[SourceTitle "playchess.com"]
[Source "ChessBase"]
[SourceQuality "1"]
[TimeControl "40/5400+30:1800+30"]

1. e4 e5 2. Nf3 Nc6 3. d4 exd4 4. Nxd4 Nf6 5. Nxc6 bxc6 6. e5 Qe7 7. Qe2 Nd5 8. h4 Qe6 9. c4 Nb6 10. Nc3 Bb4 11. Bd2 Ba6 12. b3 O-O 13. f4 f6 14. Ne4 Bxd2+ 15. Qxd2 Qe7 16. c5 Bxf1 17. cxb6 Ba6 18. bxc7 d5 19. Qa5 dxe4 20. Qxa6 Qxc7 21. Qc4+ Kh8 22. Qxe4 fxe5 23. fxe5 Rad8 24. Rf1 Qa5+ 25. b4 Qa3 26. Rxf8+ Rxf8 27. Rb1 Qg3+ 28. Kd1 Rf1+ 29. Kc2 Rf2+ 30. Kd1 {[%emt 0:00:12] Check Result:-#30} Qc3 0-1

[Event "FIDE World Junior U20-ch Girls 2025"]
[Site "Petrovac"]
[Date "2025.03.03"]
[Round "7.17"]
[White "Kaliakhmet, Elnaz"]
[Black "Zeliantsova, Kseniya"]
[Result "1-0"]
[Annotator "NA"]
[ECO "B07"]
[WhiteElo "2242"]
[BlackElo "1999"]
[PlyCount "79"]
[EventDate "2025.02.23"]
[EventType "swiss"]
[EventCountry "MNE"]
[SourceTitle "playchess.com"]
[Source "ChessBase"]
[SourceQuality "1"]
[TimeControl "40/5400+30:1800+30"]

1. d4 d6 2. e4 Nf6 3. Nc3 g6 4. Be3 c6 5. Qd2 b5 6. Bd3 Bb7 7. Nf3 Bg7 8. Bh6 O-O 9. h4 Bxh6 10. Qxh6 Ng4 11. Qf4 h5 12. e5 Na6 13. Qg5 e6 14. exd6 Nb4 15. Ne4 Qb6 16. Nc5 Nxd3+ 17. Nxd3 Rad8 18. Nde5 Nxe5 19. Qxe5 Bc8 20. Qf4 Kg7 21. Nd2 f6 22. O-O-O c5 23. dxc5 Qxc5 24. Nb3 Qb6 25. f3 Bb7 26. Rhg1 Bd5 27. g4 hxg4 28. Qxg4 Qe3+ 29. Kb1 Qh6 30. h5 g5 31. f4 Rxd6 32. fxg5 fxg5 33. Qb4 Rfd8 34. Rdf1 Qxh5 35. Qd4+ Kh7 36. Qe5 Bxb3 37. axb3 Rd1+ 38. Ka2 R8d6 39. Rxd1 Rxd1 40. Rxg5 1-0

[Event "FIDE World Junior U20-ch Girls 2025"]
[Site "Petrovac"]
[Date "2025.03.03"]
[Round "7.18"]
[White "Imomkuzieva, Nilufarkhon"]
[Black "Mikheeva, Galina"]
[Result "1/2-1/2"]
[Annotator "NA COMBH"]
[ECO "E04"]
[WhiteElo "1983"]
[BlackElo "2238"]
[PlyCount "80"]
[EventDate "2025.02.23"]
[EventType "swiss"]
[EventCountry "MNE"]
[SourceTitle "playchess.com"]
[Source "ChessBase"]
[SourceQuality "1"]
[TimeControl "40/5400+30:1800+30"]

1. d4 d5 2. c4 e6 3. Nf3 Nf6 4. g3 dxc4 5. Bg2 Bb4+ 6. Bd2 a5 7. Qc2 Bxd2+ 8. Qxd2 c6 9. a4 Ne4 10. Qc1 Nd6 11. Nbd2 b5 12. Ne5 Bb7 13. b3 f6 14. Nef3 cxb3 15. Nxb3 Nd7 16. Nfd2 b4 17. O-O Qe7 18. Bxc6 Bxc6 19. Qxc6 O-O 20. Rfc1 Rfc8 21. Qf3 Nb6 22. Rc5 Qd7 23. Rxc8+ Rxc8 24. Nc5 Qf7 25. Ndb3 Ndc4 26. e4 Qe7 27. Qe2 Qe8 28. Rc1 Na3 29. Qa6 Nxa4 30. Qxa5 Nxc5 31. dxc5 Rb8 32. c6 Nb5 33. c7 Rc8 34. Rc5 Nd6 35. Qxb4 Qd7 36. Rc1 Ne8 37. Nc5 Qd6 38. Qa4 Qxc7 39. Nd3 Qd8 40. Rxc8 {[%emt 0:00:15] Check Result:0.08} Qxc8 1/2-1/2

[Event "FIDE World Junior U20-ch Girls 2025"]
[Site "Petrovac"]
[Date "2025.03.03"]
[Round "7.19"]
[White "Kanyamarala, Trisha"]
[Black "Peglau, Charis"]
[Result "1-0"]
[Annotator "NA"]
[ECO "E12"]
[WhiteElo "2178"]
[BlackElo "2203"]
[PlyCount "79"]
[EventDate "2025.02.23"]
[EventType "swiss"]
[EventCountry "MNE"]
[SourceTitle "playchess.com"]
[Source "ChessBase"]
[SourceQuality "1"]
[TimeControl "40/5400+30:1800+30"]

1. d4 Nf6 2. c4 e6 3. Nf3 b6 4. a3 Ba6 5. Qc2 Bb7 6. Nc3 c5 7. e4 cxd4 8. Nxd4 Bc5 9. Nb3 Nc6 10. Bf4 O-O 11. Bd3 e5 12. Bg5 Nd4 13. Nxd4 Bxd4 14. Nd5 Bxd5 15. cxd5 Rc8 16. Qe2 Qe7 17. O-O h6 18. Bh4 Rc5 19. Ba6 Qd6 20. Rac1 Nh7 21. b4 Rxc1 22. Rxc1 Rb8 23. Bb5 a5 24. Rc4 axb4 25. axb4 Ra8 26. h3 Nf8 27. Bg3 Qf6 28. Kh2 Kh7 29. Rc2 Ra1 30. Rc8 Qe7 31. Qf3 Kg8 32. Qf5 d6 33. Bh4 g5 34. Re8 Qc7 35. Bxg5 Bxf2 36. Rxf8+ Kxf8 37. Bxh6+ Ke7 38. Qg5+ f6 39. Qg7+ Kd8 40. Qf8# 1-0

[Event "FIDE World Junior U20-ch Girls 2025"]
[Site "Petrovac"]
[Date "2025.03.03"]
[Round "7.20"]
[White "Smietanska, Wiktoria"]
[Black "Zelbova, Lada"]
[Result "1-0"]
[Annotator "NA COMBH"]
[ECO "B90"]
[WhiteElo "2170"]
[BlackElo "1994"]
[PlyCount "91"]
[EventDate "2025.02.23"]
[EventType "swiss"]
[EventCountry "MNE"]
[SourceTitle "playchess.com"]
[Source "ChessBase"]
[SourceQuality "1"]
[TimeControl "40/5400+30:1800+30"]

1. e4 c5 2. Nf3 d6 3. d4 cxd4 4. Nxd4 Nf6 5. Nc3 a6 6. h3 b5 7. g4 Bb7 8. Bg2 e6 9. g5 Nfd7 10. a3 Be7 11. h4 Nc6 12. Nxc6 Bxc6 13. Be3 O-O 14. O-O Ne5 15. b3 Qc7 16. f4 Nd7 17. Ne2 Nc5 18. Ng3 Rfd8 19. Qd4 d5 20. e5 Ne4 21. Nxe4 dxe4 22. Qb2 Rab8 23. Rfe1 Bd5 24. Rac1 a5 25. Bd4 Qb7 26. b4 axb4 27. axb4 Ra8 28. Ra1 Rxa1 29. Rxa1 Ra8 30. c3 g6 31. Bf1 Rxa1 32. Qxa1 Bd8 33. Qa7 Qxa7 34. Bxa7 Bc6 35. Bc5 e3 36. Bd3 Kg7 37. Kf1 h6 38. Ke2 hxg5 39. hxg5 Bc7 40. Kxe3 Bd7 41. Kd4 Bd8 42. c4 bxc4 43. Kxc4 Bc8 44. Be4 Kg8 45. Kb5 Bd7+ {[%emt 0:00:00] Check Result:21.18} 46. Ka6 1-0

[Event "FIDE World Junior U20-ch Girls 2025"]
[Site "Petrovac"]
[Date "2025.03.03"]
[Round "7.21"]
[White "Yildiz, Elif Zeren"]
[Black "Braeutigam, Katerina"]
[Result "1-0"]
[Annotator "NA COMBH"]
[ECO "B10"]
[WhiteElo "2160"]
[BlackElo "1981"]
[PlyCount "79"]
[EventDate "2025.02.23"]
[EventType "swiss"]
[EventCountry "MNE"]
[SourceTitle "playchess.com"]
[Source "ChessBase"]
[SourceQuality "1"]
[TimeControl "40/5400+30:1800+30"]

1. e4 c6 2. Nf3 g6 3. d4 Bg7 4. Nc3 d5 5. h3 Nh6 6. Bf4 f6 7. Qd2 Nf7 8. O-O-O e5 9. Be3 dxe4 10. Nxe4 f5 11. Neg5 f4 12. Bxf4 exf4 13. Re1+ Kf8 14. Nxf7 Qf6 15. Qb4+ Kg8 16. Nxh8 Bf8 17. Re8 Nd7 18. Nxg6 Qxg6 19. Qb3+ Kg7 20. Re1 Nb6 21. Bd3 Qf6 22. Re5 h6 23. Rhe1 Bd7 24. Re6 Bxe6 25. Rxe6 Qf7 26. Rg6+ Qxg6 27. Bxg6 Kxg6 28. Qg8+ Kf6 29. Ne5 Ke7 30. Qf7+ Kd6 31. Qxb7 Ke6 32. Nd7 Rd8 33. Nxf8+ Rxf8 34. Qxc6+ Kf7 35. c4 Rd8 36. d5 Rc8 37. Qb7+ Kf6 38. b3 Ke5 39. Qe7+ Kd4 {[%emt 0:01:32] Check Result:70.25} 40. d6 1-0